 Dungeon Crawl Stone Soup version 0.22-a0-388-g09e6169 (webtiles) character file.

77 Serpenta the Skirmisher (level 4, -2/37 HPs)
             Began as a Mummy Chaos Knight on Apr 29, 2018.
             Slain by an adder (4 damage)
             ... on level 2 of the Dungeon.
             The game lasted 00:01:53 (1595 turns).

Serpenta the Skirmisher (Mummy Chaos Knight)        Turns: 1595, Time: 00:01:54

Health: -2/37      AC:  5    Str: 16    XL:     4   Next: 13%
Magic:  4/4        EV: 11    Int: 11    God:    Xom [..*...]
Gold:   111        SH:  0    Dex: 11    Spells: 3/3 levels left

rFire    x . .     SeeInvis .   a - +0 mace (chaos)
rCold    + . .     Gourm    .   (no shield)
rNeg     + + +     Faith    .   b - +2 leather armour
rPois    ∞         Spirit   .   (no helmet)
rElec    .         Reflect  .   (no cloak)
rCorr    .         Harm     .   (no gloves)
MR       .....                  (no boots)
Stlth    +.........             (no amulet)
HPRegen  0.12/turn              (no ring)
MPRegen  0.09/turn              (no ring)

@: no status effects
A: no food or potions, fire vulnerability, cold resistance 1, negative energy
resistance 3, torment resistance, unbreathing
a: Renounce Religion


You were on level 2 of the Dungeon.
You worshipped Xom.
You were a toy of Xom.
You were not hungry.

You visited 1 branch of the dungeon, and saw 2 of its levels.

You collected 111 gold pieces.


Innate Abilities, Weirdness & Mutations

You do not eat or drink.
Your flesh is vulnerable to fire.
You are immune to poison.
Your flesh is cold resistant. (rC+)
You are immune to negative energy. (rN+++)
You are immune to unholy pain and torment.
You can survive without breathing.


   Skills:
 + Level 4.1 Fighting
 + Level 3.4 Maces & Flails
 - Level 1.5 Armour
 - Level 0.7 Dodging


You had 3 spell levels left.
You didn't know any spells.

Action                   |  1- 3 |  4- 6 || total
-------------------------+-------+-------++-------
Melee: Mace              |   117 |    24 ||   141
Armor: Leather armour    |    50 |     9 ||    59
Dodge: Dodged            |    56 |    10 ||    66

Inventory:

Hand Weapons
 a - a +0 mace of chaos (weapon)
Missiles
 f - 6 tomahawks (quivered)
Armour
 b - a +2 leather armour (worn)
Scrolls
 c - a scroll of amnesia {unknown}
 d - a scroll of enchant armour {unknown}
 e - 3 scrolls of remove curse {unknown}

..# #.# #.# #.# ###.#
####.# ..#.# #....#
#.#.###.#..# #.#.#...#..#
#.#.#.###..#
##.#.#####.......#..#####
......?{@l..........>....
####...###.#.#####..#####
#... ............#
#.g.#...#.######.#
#..S#.#.#.# #.# ##
#...#.#.#.######.####.
#...$<.>..........†.#.
...## #.# ######.##.#.
#.##...


You could see a leopard gecko.

Vanquished Creatures
  An adder (D:2)
  An ooze (D:2)
  A worm (D:2)
  3 dart slugs (D:1)
  6 bats
  3 giant cockroaches
  7 goblins
  9 hobgoblins
  3 jackals (D:2)
  5 kobolds
  3 quokkas (D:2)
  4 rats
46 creatures vanquished.

Vault maps used:
D:1:      co_arrival_square_in_a_square_in_a_square
D:2:      st_stairs_10, ashenzari_altar_1, uniq_crazy_yiuf_cottage


Message History

Something bites you. x2; Something completely misses you.
A leopard gecko comes into view.
The leopard gecko hisses angrily.
You sock something! Something bites you. x2
You closely miss something. Something barely misses you. Something bites you.
* * * LOW HITPOINT WARNING * * *
Something bites you.
* * * LOW HITPOINT WARNING * * *
You miss something. Something bites you.
* * * LOW HITPOINT WARNING * * *
The leopard gecko bites you but does no damage.
Something bites you but does no damage. The leopard gecko barely misses you.
You miss something. Something bites you.
* * * LOW HITPOINT WARNING * * *
Something bites you but does no damage. The leopard gecko bites you.
* * * LOW HITPOINT WARNING * * *
You hit something but do no damage. Something bites you.
* * * LOW HITPOINT WARNING * * *
Something bites you.
You die...

Notes
Turn   | Place    | Note
-------+----------+-------------------------------------------
     0 | D:1      | Serpenta the Mummy Chaos Knight began the quest for the Orb.
     0 | D:1      | Reached XP level 1. HP: 18/18 MP: 1/1
   174 | D:1      | Reached XP level 2. HP: 24/24 MP: 2/2
   705 | D:1      | Reached XP level 3. HP: 30/30 MP: 3/3
   840 | D:1      | XOM: divination: detect creatures
  1060 | D:2      | XOM: divination: magic mapping
  1061 | D:2      | Found a shattered altar of Ashenzari.
  1177 | D:2      | Reached skill level 4 in Fighting
  1384 | D:2      | Reached XP level 4. HP: 21/37 MP: 4/4
  1595 | D:2      | Slain by an adder
